 Dungeon Crawl Stone Soup version 0.25.1-1-g288607f5aa (webtiles) character file.

Game seed: 598024917898431790

781 protoss039 the Magician (level 7, -1/36 HPs)
             Began as a Deep Elf Earth Elementalist on July 23, 2020.
             Was an Initiate of Sif Muna.
             Killed from afar by an electric eel (9 damage)
             ... with a bolt of electricity
             ... on level 5 of the Dungeon.
             The game lasted 00:12:37 (5492 turns).

protoss039 the Magician (DEEE)                      Turns: 5492, Time: 00:12:38

Health: -1/36      AC:  2    Str:  5    XL:     7   Next: 55%
Magic:  14/20      EV: 13    Int: 22    God:    Sif Muna [......]
Gold:   279        SH:  0    Dex: 15    Spells: 6/21 levels left

rFire    . . .     SeeInvis .   f - +0 short sword
rCold    + . .     Gourm    .   (no shield)
rNeg     . . .     Faith    +   c - +0 robe
rPois    .         Spirit   .   (no helmet)
rElec    .         Reflect  .   r - scarf {repulsion}
rCorr    .         Harm     .   (no gloves)
MR       .....                  (no boots)
Stlth    ++........             s - amulet of faith
HPRegen  0.12/turn              k - ring of protection from cold
MPRegen  0.17/turn              j - +4 ring of slaying

@: repel missiles
A: no striking features
a: Renounce Religion


You were on level 5 of the Dungeon.
You worshipped Sif Muna.
Sif Muna was noncommittal.
You were hungry.

You visited 1 branch of the dungeon, and saw 5 of its levels.

You collected 279 gold pieces.

Inventory:

Hand Weapons
 f - a +0 short sword (weapon)
Missiles
 q - 23 stones (quivered)
Armour
 c - a +0 robe (worn)
 r - a scarf of repulsion (worn)
Jewellery
 b - an uncursed amulet of magic regeneration
 g - an uncursed ring of fire {unknown}
 j - a +4 ring of slaying (right hand)
 k - a ring of protection from cold (left hand)
 s - an amulet of faith (around neck)
Wands
 o - a wand of enslavement (5)
Scrolls
 a - 2 scrolls of enchant armour
 e - 5 scrolls of remove curse
 i - 7 scrolls of teleportation {unknown}
 w - 2 scrolls of fear
 y - a scroll of blinking
Potions
 h - a potion of flight {unknown}
 l - 3 potions of curing {unknown}
 t - 2 potions of magic {unknown}
 u - a potion of invisibility {unknown}
 z - a potion of haste {unknown}
 B - a potion of might {unknown}
Comestibles
 d - 8 rations


   Skills:
 - Level 3.0 Dodging
 - Level 3.0 Stealth
 + Level 7.8 Spellcasting
 + Level 3.0 Conjurations
 - Level 1.1 Transmutations
 + Level 6.6 Earth Magic


You had 6 spell levels left.
You knew the following spells:

 Your Spells              Type           Power        Failure   Level  Hunger
a - Sandblast             Erth           #####.       1%          1    None
b - Passwall              Tmut/Erth      ####....     2%          2    None
c - Stone Arrow           Conj/Erth      ####..       3%          3    None
d - Petrify               Tmut/Erth      ####....     16%         4    ###....
e - Lee's Rapid Deconstr  Erth           #####.....   14%         5    #####..

Your spell library contained the following spells:

 Spells                   Type           Power        Failure   Level  Hunger
 Corona                   Hex            #......      8%          1    None
 Ensorcelled Hibernation  Hex/Ice        #.....       12%         2    None
 Dazzling Flash           Conj/Hex       ###...       12%         3    None
 Confusing Touch          Hex            #.......     22%         3    None
 Tukima's Dance           Hex            #.......     22%         3    None


Dungeon Overview and Level Annotations

Branches:
Dungeon (5/15)             Temple (0/1) D:5

Altars:
Cheibriados
Gozag
Ru
Sif Muna
Xom


Message History

Unknown command.
Casting: Stone Arrow (dangerous; 3% risk of failure)
Confirm with . or Enter, or press ? or * to list all spells.
Aiming: Stone Arrow (dangerous; 3% risk of failure)
Press: ? - help, Shift-Dir - straight line, f - electric eel
Aim: an electric eel (water, severely wounded)
The stone arrow hits the electric eel!
The electric eel is almost dead.
The electric eel shoots out a bolt of lightning at you!
The bolt of electricity hits the plant!
The bolt of electricity hits you!
* * * LOW HITPOINT WARNING * * *
The electric eel shoots out a bolt of lightning at you!
The bolt of electricity hits the electric eel.
The electric eel completely resists.
The bolt of electricity misses you.
Unknown command.
The electric eel shoots out a bolt of lightning at you!
The bolt of electricity misses you.
The electric eel shoots out a bolt of lightning at you!
The bolt of electricity hits the plant.
The bolt of electricity hits you!
You die...

#####.### #.#.##.#. # #.# #.#
#.## # #.# ########## #(# #.## #
#.# ##≈≈≈≈≈...## #.#.##.## ##
#.###.########.## #.#.##...
.####.##.##≈[....##≈# #.#..[..
......##.#≈≈≈.P...#≈# ###.#.###
.##....#.#≈.?≈....#≈###.#.#.#
.##.####≈#;≈;P≈.@'#.##.#..#.#####
.##.# ##≈##;.$...#a.#.###.#......
.##.###≈##########.#### ##..._...
..)..#≈##≈≈$P. #≈≈##.###.#######
..^..#.#≈≈!P.. #≈####.#..#
.##.##.#;.≈P.. #. ##.#.###
###.##.#;≈)≈P. #. #.#...#
#.##'##≈).P. .a #.###.#
#.#...###### .### #.# #.#


You could see a worker ant and 3 electric eels.

Vanquished Creatures
  A phantom (D:4)
  An ogre (D:4)
  Blork the orc (D:5)
  A scorpion (D:5)
  2 howler monkeys (D:4)
  A quasit (D:4)
  A hound (D:4)
  An orc priest (D:3)
  2 orc wizards (D:4)
  2 worker ants
  A howler monkey zombie (D:3)
  A gnoll (D:3)
  10 adders
  A shadow imp (D:5)
  A worm (D:2)
  2 dart slugs
  2 leopard geckos
  5 orcs
  8 bats
  9 giant cockroaches
  11 goblins
  8 hobgoblins
  8 jackals
  A quokka (D:3)
  5 ball pythons
  7 frilled lizards
  12 kobolds
  6 rats
111 creatures vanquished.

Notes
Turn   | Place    | Note
-------+----------+-------------------------------------------
     0 | D:1      | protoss039 the Deep Elf Earth Elementalist began the quest
                  | for the Orb.
     0 | D:1      | Reached XP level 1. HP: 10/10 MP: 6/6
   233 | D:1      | Reached XP level 2. HP: 11/15 MP: 8/8
   657 | D:1      | Reached XP level 3. HP: 16/19 MP: 7/10
   925 | D:2      | Found an opulent altar of Gozag.
   952 | D:2      | Learned a level 2 spell: Passwall
   956 | D:2      | Learned a level 3 spell: Stone Arrow
  1048 | D:2      | Reached skill level 4 in Spellcasting
  1770 | D:3      | Reached XP level 4. HP: 13/24 MP: 10/12
  2098 | D:3      | HP: 1/24 [poisoned by an adder]
  2682 | D:3      | Reached XP level 5. HP: 25/28 MP: 14/14
  2813 | D:3      | Reached skill level 5 in Spellcasting
  3111 | D:3      | Reached skill level 5 in Earth Magic
  3214 | D:3      | Found a sacrificial altar of Ru.
  3343 | D:3      | Found a shimmering altar of Xom.
  3740 | D:3      | Learned a level 4 spell: Petrify
  3746 | D:3      | Learned a level 5 spell: Lee's Rapid Deconstruction
  3872 | D:4      | Noticed an ogre
  4015 | D:4      | Noticed a phantom
  4045 | D:4      | Killed a phantom
  4045 | D:4      | Reached skill level 6 in Spellcasting
  4045 | D:4      | Reached skill level 1 in Conjurations
  4045 | D:4      | Reached XP level 6. HP: 17/32 MP: 5/17
  4245 | D:4      | Found a shimmering blue altar of Sif Muna.
  4256 | D:4      | Became a worshipper of Sif Muna the Loreminder
  4523 | D:4      | Reached skill level 7 in Spellcasting
  4523 | D:4      | Reached XP level 7. HP: 36/36 MP: 8/19
  4873 | D:5      | Entered Level 5 of the Dungeon
  5041 | D:5      | Found a snail-covered altar of Cheibriados.
  5090 | D:5      | Noticed Blork the orc
  5100 | D:5      | Killed Blork the orc
  5214 | D:5      | Found a staircase to the Ecumenical Temple.
  5492 | D:5      | Killed from afar by an electric eel

Illustrated notes

Levels and vault maps discovered:
D:1:      dpeg_arrival_water_temple_mockup, layout_basic,
          minmay_shallow_snake_nest
D:2:      layout_basic, nicolae_overflow_crystal_walls,
          kennysheep_generic_room_9
D:3:      kb_forest_paths, layout_basic, marbit_many_paths,
          lemuel_crystal_altar, st_stairs_5, minmay_fractal_squares_gapless_5
D:4:      layout_basic, lemuel_crystal_altar, first_ration
D:5:      cheibrodos_two_vegetables, layout_loops_ring, old_standard_altar,
          overflow_temple_1_default, nicolae_overflow_hidden_temple,
          temple_doors_e, uniq_blork_the_orc

Skill      XL: |  1  2  3  4  5  6  7 |
---------------+----------------------+-----
Dodging        | 3 |  3.0
Stealth        | 3 |  3.0
Earth Magic    | 4 5 6 |  6.6
Spellcasting   | 4 6 7 |  7.8
Conjurations   | 1 2 3 |  3.0
Transmutations | |  1.1

Action                   |  1- 3 |  4- 6 |  7- 9 || total
-------------------------+-------+-------+-------++-------
Melee: Short sword       |    17 |    74 |       ||    91
       Unarmed           |     6 |       |       ||     6
 Cast: Sandblast         |    54 |    19 |     2 ||    75
       Stone Arrow       |     2 |    38 |    16 ||    56
  Use: Scroll            |       |       |     8 ||     8
 Stab: Sleeping          |     4 |     5 |       ||     9
  Eat: Chunk             |     3 |     7 |     1 ||    11
       Ration            |       |     1 |       ||     1
Armor: Robe              |    10 |    10 |       ||    20
Dodge: Dodged            |    43 |    78 |     3 ||   124
